 Dungeon Crawl Stone Soup version 0.28-a0-793-g31680bbd8b (webtiles) character file.

Game seed: 15439676526323612875

3033 spiderkeys the Prestidigitator (level 9, -6/38 HPs)
             Began as a Felid Abyssal Knight on Nov 5, 2021.
             Was a Priest of Lugonu.
             Shot with an arrow by a centaur warrior (18 damage)
             ... on level 14 of the Dungeon.
             The game lasted 00:49:50 (18249 turns).

spiderkeys the Prestidigitator (FeAK)              Turns: 18249, Time: 00:49:50

Health: -6/38      AC:  2    Str:  9    XL:     9   Next: 56%
Magic:  21/25      EV: 19    Int: 14    God:    Lugonu [***...]
Gold:   1148       SH:  0    Dex: 18    Spells: 2/8 levels left
                                        Lives:  0   Deaths: 2

rFire   . . .      SeeInvis +     - Unarmed
rCold   . . .      Faith    .   (shield unavailable)
rNeg    + . .      Spirit   .   (armour unavailable)
rPois   .          Reflect  .   (helmet unavailable)
rElec   .          Harm     .   (cloak unavailable)
rCorr   +          Rampage  .   (gloves unavailable)
Will    +....                   (boots unavailable)
Stlth   +++++.....              (no amulet)
HPRegen 0.12/turn               m - ring "Biag Xayr" {rN+ MP+9 Stlth+}
MPRegen 0.19/turn               R - ring of resist corrosion

@: studying Evocations, quick
A: very small, claws 1, fangs 3, see invisible, speed 1, shaggy fur 2, stealthy
paws, no weapons or thrown items, no armour, multi-lived
a: Renounce Religion, Depart the Abyss, Bend Space, Banish


You were on level 14 of the Dungeon.
You worshipped Lugonu.
Lugonu was most pleased with you.
You visited 2 branches of the dungeon, and saw 15 of its levels.
You visited the Abyss 1 time.

You collected 1588 gold pieces.
You spent 440 gold pieces at shops.


Innate Abilities, Weirdness & Mutations

You have sharp claws.
You have razor-sharp teeth.
You have supernaturally acute eyesight. (SInv)
You cover ground quickly. (Speed+)
You are covered in thick fur. (AC +2)
Your paws help you pounce on unaware monsters.
You are incapable of wielding weapons or throwing items.
You cannot wear armour.
You gain extra lives every three experience levels.


   Skills:
 - Level 3.3 Fighting
 - Level 5.0 Dodging
 + Level 9.1 Stealth
 + Level 9.5 Unarmed Combat
 - Level 7.0 Transmutations
 - Level 2.4 Earth Magic
 + Level 8.1 Invocations
 + Level 9.9 Evocations


You had 2 spell levels left.
You knew the following spells:

 Your Spells              Type           Power      Damage    Failure   Level
a - Passwall              Tmut/Erth      10%        N/A       6%          2
w - Stone Arrow           Conj/Erth      6%         3d7       47%         3
z - Sandblast             Erth           12%        2d6       11%         1

Your spell library contained the following spells:

 Spells                   Type           Power      Damage    Failure   Level
 Call Canine Familiar     Summ           0%         N/A       65%         3
 Dazzling Flash           Conj/Hex       0%         N/A       65%         3
 Ozocubu's Armour         Ice            0%         N/A       65%         3
 Leda's Liquefaction      Hex/Erth       1%         N/A       87%         4
 Iskenderun's Mystic Bla  Conj/Tloc      0%         2d3       96%         4
 Metabolic Englaciation   Hex/Ice        0%         N/A       100%        5
 Simulacrum               Ice/Necr       0%         N/A       100%        6
 Starburst                Conj/Fire      0%         6d3       100%        6
 Lehudib's Crystal Spear  Conj/Erth      1%         10d2      100%        8
 Portal Projectile        Hex/Tloc       Unusable   N/A       N/A         3
 Animate Armour           Summ/Erth      Unusable   N/A       N/A         4

Inventory:

Missiles
 n - 144 stones
Jewellery
 m - the ring "Biag Xayr" (left paw) {rN+ MP+9 Stlth+}
   (You acquired it on level 5 of the Dungeon)

   [ring of magical power]

   rN:        It protects you from negative energy.
   MP:        It affects your magic capacity (+9).
   Stlth:     It makes you more stealthy.
 F - a ring of protection from fire
   (You found it on level 5 of the Dungeon)
 N - a ring of positive energy
   (You found it on level 6 of the Dungeon)
 R - a ring of resist corrosion (right paw)
   (You found it on level 2 of the Dungeon)
Wands
 h - a wand of charming (6)
   (You took it off Ijyb on level 3 of the Dungeon)
 j - a wand of acid (2)
   (You found it on level 3 of the Dungeon)
 s - a wand of polymorph (11)
   (You took it off Eustachio on level 6 of the Dungeon)
 t - a wand of flame (19)
   (You found it on level 11 of the Dungeon)
 v - a wand of paralysis (6)
   (You found it on level 11 of the Dungeon)
Scrolls
 a - 3 scrolls of amnesia
 c - 7 scrolls of noise {!r}
 g - 4 scrolls of enchant weapon
 i - 5 scrolls of fog
 k - 2 scrolls of magic mapping {!r}
 o - a scroll of blinking {!r}
 p - 2 scrolls of silence {!r}
 q - a scroll of brand weapon {unknown}
 C - a scroll of holy word
Potions
 e - a potion of resistance
 f - a potion of berserk rage {!q}
 l - a potion of might {unknown}
 r - 2 potions of flight
 w - a potion of attraction {unknown}
 x - a potion of lignification {unknown}
 z - 4 potions of curing {@q1}
 B - a potion of degeneration {unknown}
Miscellaneous
 b - a lightning rod (1/4)
   (You found it on level 2 of the Abyss)
 y - a tin of tremorstones (1/2)
   (You bought it in a shop on level 8 of the Dungeon)

Dungeon Overview and Level Annotations

Branches:
Dungeon (14/15)            Temple (0/1) D:7             Orc (1/2) D:11
   Lair: D:8-11      Vaults: D:13-14

Altars:
Yredelemnul
The Shining One

Shops:
D:7 (   D:8 *   D:11 (   D:13 (

Portals:
Trove: D:11 (give horn of Geryon)

Annotations:
D:7 2 runed translucent doors
D:10 exclusion: orange crystal statue
Orc:1 Erolcha

#......# #......#
#......# #......#
+....c.# #......#
#......# ## #@### #.
#...# #.######
#######'###
.......#####.........#
.......#...'.........#
.....†...###.........#
.......### #.........#
.......# #....[....#
.......# #.........#


You could see a centaur warrior.


Message History

Okay, then.
The slime creature hits you!
You stop ascending the stairs.
You die...
You are now level 9!
You rejoin the land of the living... 😎 HP[+36] MP[-1]
You now have 38 max hp (-4).
Your hp is fully restored (38).
d - a scroll of identify {@r1}
As you read the scroll of identify {@r1}, it crumbles to dust.
C - a scroll of holy word A gargoyle comes into view.
It is wielding a +0 mace.
As you read the scroll of teleportation {@r4}, it crumbles to dust.
You feel strangely unstable.
Your surroundings suddenly seem different.
You now have 1148 gold pieces (gained 19).
There is a stone staircase leading up, spattered with blood here.
The slime creature quivers.
You climb upwards.
There is a stone staircase leading down, spattered with blood here.
(D) Dungeon (T) Temple (O) Orcish Mines
Where to? (Enter - D:11 @ (x,y), ? - help)
Okay, then.
There is an open door here.
There is an open door here.
You see here a +0 dagger.
You see here a +0 dagger of electrocution.
Things that are here:
a +0 robe; a +0 dagger; a +0 club You see here a +0 short sword.
There is an open door here.
There is an open door here.
There is a stone staircase leading down here.
You climb downwards.
There is a stone staircase leading up here.
There is a stone staircase leading down here.
You climb downwards.
You feel a wave of frost pass over you.
There is an entrance to an ice cave on this level.
Hurry and find it before the portal melts!
Found a stone staircase leading down and a stone staircase leading up.
There is a stone staircase leading up here.
Really read
k - 3 scrolls of magic mapping {!r}?
As you read the scroll of magic mapping {!r}, it crumbles to dust.
You feel aware of your surroundings.
You sensed 2 shops/portals.
Found Fimyupucle's Weapon Boutique.
There is an entrance to Fimyupucle's Weapon Boutique here.
Found a stone staircase leading up.
There is a stone staircase leading up here.
You open the door.
An ice devil comes into view.
There is an entrance to Fimyupucle's Weapon Boutique here.
You hear the faint crackling of a melting archway very nearby.
There is a stone staircase leading down here.
You climb downwards.
There is a stone staircase leading up here.
There is a stone staircase leading up here.
You stumble into a teleport trap!
You are suddenly yanked towards some nearby monsters!
Your surroundings suddenly seem different.
A manticore and a salamander come into view.
You pounce on the unaware helpless salamander!
You eviscerate the salamander!!!!
You kill the salamander!
Lugonu accepts your kill.
Your lightning rod (1/4) has regained one charge.
Your tin of tremorstones (1/2) has regained one charge.
Your Stealth skill increases to level 9!
A basilisk comes into view.
You pounce on the unaware helpless basilisk!
You eviscerate the basilisk!!!
You kill the basilisk!
Lugonu accepts your kill.
d - a scroll of identify {@r1}
q - a scroll labelled TAAPNA TEUSUI
i - 5 scrolls of fog (gained 1)
As you read the scroll of identify {@r1}, it crumbles to dust.
f - a potion of berserk rage You open the door.
There is an open door here.
z - 4 potions of curing {@q1} (gained 1)
You open the door.
There is an open door here.
You open the door.
There is an open door here.
You open the door.
A centaur warrior comes into view.
The centaur warrior shouts!
The centaur warrior wields a +0 longbow.
The centaur warrior shoots an arrow.
The arrow hits you!!
Ouch! That really hurt!
* * * LOW HITPOINT WARNING * * *
There is an open door, spattered with blood here. 😨 HP[-26]
You take 26 damage, and now have 12/38 hp.
MASSIVE DAMAGE!! (PAUSE)
Press: ? - help, Shift-Dir - straight line, f - centaur warrior
Aim: a centaur warrior, wielding a +0 longbow and quivering arrows (chance to affect: 73%)
The centaur warrior struggles to resist.
The centaur warrior shoots an arrow.
The arrow hits you!!
You die...

Skill      XL: |  1  2  3  4  5  6  7  8  9 10 |
---------------+-------------------------------+-----
Invocations    | 2 3 4 5 6 8 |  8.1
Stealth        | 1 3 9 7 |  9.1
Unarmed Combat | 3 4 5 6 7 8 9 |  9.5
Transmutations | 1 2 3 4 7 |  7.0
Evocations     | 1 2 3 4 9 8 |  9.9
Earth Magic    | 1 2 |  2.4
Dodging        | 4 5 |  5.0
Fighting       | |  3.3

Action                   |  1- 3 |  4- 6 |  7- 9 | 10-12 || total
-------------------------+-------+-------+-------+-------++-------
Melee: Unarmed           |   183 |   136 |   324 |    50 ||   693
       Bite              |    19 |    17 |    37 |     5 ||    78
       Punch             |       |     1 |    13 |     2 ||    16
 Cast: Sandblast         |       |       |    41 |       ||    41
       Passwall          |       |       |       |     2 ||     2
Invok: Depart the Abyss  |     1 |       |       |       ||     1
       Banish            |       |       |     1 |     3 ||     4
       Bend Space        |       |       |       |     8 ||     8
Evoke: Lightning rod     |     2 |     8 |    13 |     3 ||    26
       Wand              |       |     3 |    48 |    17 ||    68
       Tin of tremorston |       |       |     3 |       ||     3
  Use: Scroll            |     4 |     4 |     7 |    11 ||    26
       Potion            |       |       |     2 |     3 ||     5
 Stab: Sleeping          |       |     7 |    12 |     3 ||    22
       Distracted        |       |       |     1 |       ||     1
Armor: Skin              |    11 |     1 |    34 |     9 ||    55
Dodge: Dodged            |   141 |    93 |   292 |    67 ||   593

Levels and vault maps discovered:
D:1:      elethiomel_arrival_maze, layout_rooms,
          hellmonk_ecumenical_altar_heavens_door
D:2:      layout_basic, basic_altar
D:3:      layout_basic, serial_bayou, serial_bayou_crossing,
          serial_bayou_lake_a, serial_bayou_pond_d, serial_bayou_pond_e,
          uniq_ijyb
D:4:      layout_loops_ring
D:5:      layout_basic
D:6:      layout_basic, uniq_eustachio
D:7:      minmay_the_grid_triangle_9x9_rhombus_full
          [minmay_the_grid_triangle_9x9_longest,
          minmay_the_grid_triangle_9x9_pentomino_pain,
          minmay_the_grid_triangle_9x9_limited_checkers,
          minmay_the_grid_triangle_9x9_minimal,
          minmay_the_grid_triangle_9x9_tough_junction,
          minmay_the_grid_triangle_9x9_windchime,
          minmay_the_grid_triangle_9x9_fully_insulated_deathbox,
          minmay_the_grid_triangle_9x9_prize_center], layout_rooms,
          minmay_temple_entry_poolview, serial_shops, kennysheep_mini
D:8:      layout_cave_pools, serial_co_window_serial, co_window_paths_b,
          co_window_paths_a, co_window_paths_b, co_window_paths_b,
          co_window_corner_a, co_window_paths_b, co_window_cross_1,
          co_window_corner_a, co_window_of_opportunity_a,
          co_window_of_opportunity_b, co_window_broadway_b,
          co_window_of_opportunity_c, glass_columns_a, glass_columns_c,
          serial_shops, nicolae_diamond_shop, nrook_campfire, minmay_orc_keep
D:9:      layout_basic
D:10:     layout_roguey, yredelemnul_altar_generic, erik_lair_dragon,
          minmay_statue_bubble, uniq_snorg, uniq_psyche
D:11:     layout_stronghold, orc_0_dummy, nicolae_trove_entry_crossroad,
          serial_shops, nicolae_shop_waterfront, serial_bayou_pond_d,
          nzn_life_drinkers
D:12:     layout_cross, minmay_fractal_squares_diagonal_5
D:13:     layout_layer_cave, serial_shops, nicolae_diamond_shop,
          portal_ice_cave_demonic_guard
D:14:     layout_roguey, david_vaults_2, nicolae_qazlal_style_of_elements,
          nicolae_shop_overcharged_wands
Orc:1:    layout_caves, uniq_erolcha, uniq_sonja

Notes
Turn   | Place    | Note
-------+----------+-------------------------------------------
     0 | Abyss:1  | spiderkeys the Felid Abyssal Knight began the quest for the
                  | Orb.
     0 | Abyss:1  | Reached XP level 1. HP: 10/10 MP: 3/3
     6 | Abyss:1  | magus.rc [v1.9.10]
    85 | Abyss:2  | Noticed a thrashing horror
    88 | D:1      | You pass through the gate.
    88 | D:1      | Escaped the Abyss
   463 | D:1      | Reached XP level 2. HP: 9/14 MP: 4/4
   679 | D:1      | Reached * piety under Lugonu
   737 | D:1      | Reached skill level 2 in Invocations
   748 | D:1      | Reached skill level 1 in Stealth
  1277 | D:1      | Reached XP level 3. HP: 15/17 MP: 5/5
  1594 | D:1      | Found a faded altar of an unknown god.
  2218 | D:2      | Found a glowing golden altar of the Shining One.
  2489 | D:2      | HP: 4/17 [worm (12)]
  2858 | D:2      | You pick up a book of Geomancy and begin reading...
  2858 | D:2      | You add the spells Sandblast, Passwall and Stone Arrow to
                  | your library.
  2865 | D:2      | Learned a level 2 spell: Passwall
  3457 | D:2      | Reached skill level 3 in Unarmed Combat
  3598 | D:2      | Reached XP level 4. HP: 9/21 MP: 6/6
  3858 | D:3      | Noticed Ijyb
  3890 | D:3      | Noticed a centaur
  3895 | D:3      | Killed a centaur
  3895 | D:3      | Reached ** piety under Lugonu
  3896 | D:3      | Reached skill level 1 in Transmutations
  3896 | D:3      | Reached XP level 5. HP: 7/24 MP: 6/8
  4301 | D:3      | Killed Ijyb
  4333 | D:3      | Reached skill level 3 in Invocations
  4578 | D:3      | Reached skill level 4 in Unarmed Combat
  4786 | D:4      | Noticed an ogre
  5227 | D:3      | Reached skill level 2 in Transmutations
  5791 | D:4      | Killed an ogre
  5792 | D:4      | Reached skill level 1 in Evocations
  5792 | D:4      | Gained mutation: You are covered in thick fur. (AC +2)
                  | [Felid growth]
  5792 | D:4      | Reached XP level 6. HP: 28/28 MP: 9/9
  5865 | D:5      | Entered Level 5 of the Dungeon
  6278 | D:5      | Identified 2 scrolls of acquirement
  6278 | D:5      | Acquired the ring "Biag Xayr" {rN+ MP+9 Stlth+}
  6280 | D:5      | Acquired 873 gold pieces
  6465 | D:5      | Reached skill level 5 in Unarmed Combat
  6465 | D:5      | Reached skill level 3 in Transmutations
  6465 | D:5      | Reached skill level 2 in Evocations
  6465 | D:5      | Reached XP level 7. HP: 17/31 MP: 10/10
  6641 | D:5      | Learned a level 1 spell: Sandblast
  7011 | D:5      | You pick up a book of Spectacle and begin reading...
  7011 | D:5      | You add the spells Dazzling Flash, Iskenderun's Mystic
                  | Blast and Starburst to your library.
  7305 | D:5      | Noticed a shadow
  7722 | D:5      | HP: 7/31 [poisoned by a scorpion]
  7784 | D:5      | HP: 6/31 [orc (3)]
  8155 | D:6      | Reached skill level 4 in Invocations
  8764 | D:6      | Reached skill level 3 in Evocations
  9210 | D:6      | Noticed Eustachio
  9226 | D:6      | Reached skill level 6 in Unarmed Combat
  9226 | D:6      | Reached skill level 1 in Earth Magic
  9234 | D:6      | Killed Eustachio
  9235 | D:6      | Reached XP level 8. HP: 34/34 MP: 12/12
  9831 | D:6      | Reached skill level 2 in Earth Magic
  9944 | D:7      | Reached skill level 4 in Evocations
  9955 | D:7      | Reached skill level 7 in Unarmed Combat
  9955 | D:7      | Reached skill level 5 in Invocations
 10071 | D:7      | Reached *** piety under Lugonu
 10121 | D:7      | Reached skill level 2 in Stealth
 10135 | D:7      | Reached skill level 4 in Dodging
 10444 | D:7      | Found a runed translucent door.
 10447 | D:7      | Found a runed translucent door.
 10447 | D:7      | Noticed a troll
 10652 | D:7      | Found Gypistru's Weapon Shoppe.
 10696 | D:7      | Found a staircase to the Ecumenical Temple.
 10747 | D:7      | Reached skill level 4 in Transmutations
 10912 | D:7      | Reached skill level 3 in Stealth
 11215 | D:8      | Found Buim's General Store.
 11224 | D:8      | Bought a tin of tremorstones (2/2) for 440 gold pieces
 11279 | D:8      | Reached XP level 9. HP: 20/38 MP: 14/14
 11469 | D:8      | Reached skill level 5 in Dodging
 11477 | D:8      | Reached skill level 4 in Stealth
 11492 | D:8      | Acquired a manual of Evocations
 11803 | D:8      | HP: 6/38 [wyvern zombie (14)]
 12446 | D:7      | Reached skill level 5 in Transmutations
 12597 | D:8      | Reached skill level 6 in Invocations
 12889 | D:8      | Reached skill level 5 in Evocations
 13228 | D:8      | Reached skill level 5 in Stealth
 13504 | D:9      | Reached skill level 8 in Unarmed Combat
 13568 | D:9      | You pick up a book of Armaments and begin reading...
 13924 | D:9      | Noticed a troll
 13926 | D:9      | Killed a troll
 13928 | D:9      | Reached skill level 6 in Evocations
 14014 | D:9      | Reached skill level 6 in Stealth
 14871 | D:10     | Entered Level 10 of the Dungeon
 15137 | D:10     | Found a basalt altar of Yredelemnul.
 15181 | D:10     | Noticed Psyche
 15213 | D:10     | You pick up a book of the Hunter and begin reading...
 15213 | D:10     | You add the spells Call Canine Familiar and Leda's
                  | Liquefaction to your library.
 15216 | D:10     | Noticed an orange crystal statue
 15254 | D:10     | Reached skill level 6 in Transmutations
 15254 | D:10     | Reached skill level 7 in Evocations
 15254 | D:10     | Reached XP level 10. HP: 33/42 MP: 16/16
 15328 | D:10     | Noticed Snorg
 15340 | D:10     | Killed Snorg
 15341 | D:10     | Reached skill level 7 in Stealth
 15341 | D:10     | Reached skill level 7 in Invocations
 15600 | D:10     | Killed Psyche
 15854 | D:10     | Reached **** piety under Lugonu
 16045 | D:10     | Reached skill level 8 in Evocations
 16227 | D:11     | Found a portal to a secret trove of treasure.
 16231 | D:11     | This trove needs the horn of Geryon to function. Give it
                  | the item?
 16484 | D:11     | Found a staircase to the Orcish Mines.
 16514 | D:11     | Found Kon Qimefroh's Weapon Boutique.
 16541 | D:11     | You pick up a book of Winter and begin reading...
 16541 | D:11     | You add the spells Ozocubu's Armour, Metabolic Englaciation
                  | and Simulacrum to your library.
 16702 | D:11     | Noticed a cyclops
 16709 | D:11     | Reached skill level 9 in Unarmed Combat
 16711 | D:11     | Hit by a large rock thrown by a cyclops
 16712 | D:11     | Reached XP level 9. HP: -8/38 MP: 24/24
 16772 | D:11     | Killed a cyclops
 16773 | D:11     | Reached skill level 8 in Stealth
 16773 | D:11     | Reached skill level 7 in Transmutations
 16830 | D:11     | Noticed a kobold demonologist
 16831 | D:11     | Noticed a kobold demonologist
 16836 | D:11     | Noticed an ice devil
 16836 | D:11     | Killed a kobold demonologist
 16837 | D:11     | Reached skill level 9 in Evocations
 16840 | D:11     | Killed a kobold demonologist
 16841 | D:11     | Reached XP level 10. HP: 41/42 MP: 16/16
 17404 | Orc:1    | Entered Level 1 of the Orcish Mines
 17404 | Orc:1    | Identified a +1 robe of the Archmagi
 17404 | Orc:1    | Noticed Erolcha
 17404 | Orc:1    | Noticed an orc sorcerer
 17404 | Orc:1    | Noticed an orc sorcerer
 17405 | Orc:1    | Noticed an orc sorcerer
 17415 | D:11     | Learned a level 3 spell: Stone Arrow
 17695 | D:12     | HP: 7/42 [efreet/fireball (28)]
 17699 | D:12     | HP: 2/42 [efreet (31)]
 17933 | D:11     | Reached skill level 8 in Invocations
 18000 | D:12     | HP: 2/42 [slime creature (16)]
 18003 | D:12     | Slain by a slime creature
 18004 | D:12     | Reached XP level 9. HP: -4/38 MP: 25/25
 18010 | D:12     | Noticed a gargoyle
 18097 | D:13     | Found Fimyupucle's Weapon Boutique.
 18126 | D:13     | Noticed an ice devil
 18174 | D:14     | Noticed a manticore
 18174 | D:14     | Noticed a salamander
 18176 | D:14     | Killed a salamander
 18177 | D:14     | Reached skill level 9 in Stealth
 18247 | D:14     | Noticed a centaur warrior
 18249 | D:14     | Shot with an arrow by a centaur warrior

Vanquished Creatures
  Snorg (D:10)
  A salamander (shapeshifter) (D:14)
  A cyclops (D:11)
  2 kobold demonologists (D:11)
  Psyche (D:10)
  A troll (D:9)
  6 orc warriors
  Eustachio (D:6)
  A vampire (D:11)
  A wraith (D:9)
  A basilisk (D:14)
  A steam dragon (D:7)
  7 vampire mosquitoes
  2 water moccasins
  An acid dragon (D:11)
  A black bear (D:6)
  An ice beast (D:6)
  An ogre (D:4)
  4 centaurs
  A phantom (D:5)
  3 kobold brigands
  2 wyvern zombies (D:8)
  A water moccasin zombie (D:5)
  4 scorpions
  3 wights (D:9)
  8 centaur zombies
  A hound (D:6)
  2 centaur skeletons (D:6)
  6 orc priests
  A bullfrog skeleton (D:6)
  2 iguanas
  Ijyb (D:3)
  6 orc wizards
  A howler monkey zombie (D:6)
  3 gnolls
  5 adders
  2 white imps
  An ufetubus (D:5)
  2 worms (D:2)
  3 dart slugs (D:4)
  30 orcs
  8 ball pythons
  6 bats
  3 endoplasms
  3 giant cockroaches
  5 goblins
  7 hobgoblins
  7 jackals
  5 quokkas
  3 frilled lizards (D:1)
  23 kobolds
  7 rats
200 creatures vanquished.

Vanquished Creatures (collateral kills)
  A howler monkey (D:6)
  A bullfrog skeleton (D:6)
  2 orc wizards (D:8)
4 creatures vanquished.

Vanquished Creatures (others)
  An orc priest (D:8)
  A plant (D:3)
2 creatures vanquished.

Grand Total: 206 creatures vanquished

Table legend:
 A = Non-vault XP
 B = Vault XP
 C = Vault XP percentage of total XP
 D = Non-vault monster count
 E = Vault monster count
 F = Vault count percentage of total count
                 A         B        C        D         E       F
            +---------+---------+-------+---------+---------+-------
      Total |   10228 |    2004 |  16.4 |     191 |      14 |   6.8
            +---------+---------+-------+---------+---------+-------
        D:1 |      44 |       0 |   0.0 |      27 |       0 |   0.0
        D:2 |      60 |       0 |   0.0 |      18 |       0 |   0.0
        D:3 |     162 |      36 |  18.2 |      15 |       1 |   6.2
        D:4 |     191 |       0 |   0.0 |      13 |       0 |   0.0
        D:5 |     503 |       0 |   0.0 |      18 |       0 |   0.0
        D:6 |     718 |     208 |  22.5 |      13 |       1 |   7.1
        D:7 |     807 |       0 |   0.0 |      13 |       0 |   0.0
        D:8 |    1028 |     276 |  21.2 |      30 |       9 |  23.1
        D:9 |    1272 |       0 |   0.0 |      12 |       0 |   0.0
       D:10 |    1662 |    1279 |  43.5 |      14 |       2 |  12.5
       D:11 |    2331 |     205 |   8.1 |      12 |       1 |   7.7
       D:12 |     699 |       0 |   0.0 |       4 |       0 |   0.0
       D:14 |     751 |       0 |   0.0 |       2 |       0 |   0.0
            +---------+---------+-------+---------+---------+-------

Illustrated notes

Table legend:
 A = Kills in this place as a percentage of kills in entire the game.
 B = Kills by you in this place as a percentage of kills by you in the entire game.
 C = Kills by friends in this place as a percentage of kills by friends in the entire game.
 D = Other kills in this place as a percentage of other kills in the entire game.
 E = Experience gained in this place as a percentage of experience gained in the entire game.
 F = Experience gained in this place divided by the number of levels of this place that you have seen.
                   A       B       C       D       E      F
               +-------+-------+-------+-------+-------+----------------------
         Total | 100.0 | 100.0 | 100.0 | 100.0 | 100.0 | 719.5
       Dungeon | 100.0 | 100.0 | 100.0 | 100.0 | 100.0 | 873.7
               +-------+-------+-------+-------+-------+----------------------

Table legend: (Time is in decaauts)
 A = Elapsed time spent in this place.
 B = Non-inter-level travel time spent in this place.
 C = Inter-level travel time spent in this place.
 D = Time resting spent in this place.
 E = Time spent auto-exploring this place.
 F = Levels seen in this place.
 G = Mean time per level.
                   A        B        C        D        E       F      G
               +--------+--------+--------+--------+--------+-----+--------+
         Total |  16503 |  15744 |    759 |   4765 |   7435 |  17 |  970.8 |
       Dungeon |  16429 |  15670 |    759 |   4765 |   7431 |  14 | 1173.5 |
  Orcish Mines |      1 |      1 |      0 |      0 |      0 |   1 |    1.0 |
         Abyss |     71 |     71 |      0 |      0 |      4 |   2 |   35.5 |
               +--------+--------+--------+--------+--------+-----+--------+

Top non-repeatable levels by time:
     D:5: 2158 daAuts
     D:2: 2047 daAuts
     D:8: 1890 daAuts
     D:1: 1687 daAuts
     D:7: 1569 daAuts
    D:11: 1465 daAuts
     D:6: 1221 daAuts
    D:10: 1175 daAuts
     D:3: 1157 daAuts
     D:9: 1007 daAuts
     D:4: 715 daAuts
    D:12: 208 daAuts
    D:14: 67 daAuts
    D:13: 59 daAuts
 Abyss:2: 52 daAuts
